[Event "Titled Tuesday Blitz February 21 Early 2023"]
[White "Gerbelli Neto, Eduardo"]
[Black "Ferreira, Vitor Hugo Vieira"]
[WhiteFideId "2103281"]
[BlackFideId "2119765"]
[WhiteElo "2114"]
[BlackElo "2128"]
[Result "1-0"]
[Round "04"]
[TimeControl "180+2"]
[Date "2023.02.21"]
[WhiteClock "0:00:19"]
[BlackClock "0:00:06"]

1. e4 c6 2. d4 d5 3. exd5 cxd5 4. c4 Nf6 5. Nc3 e6 6. Nf3 Nc6 7. cxd5 exd5 8. Bd3 h6 9. h3 Bd6 10. O-O O-O 11. Re1 Be6 12. Nb5 Bb8 13. Ne5 a6 14. Nxc6 bxc6 15. Nc3 Qd6 16. f4 Ba7 17. Bc2 c5 18. Ne2 cxd4 19. Qd3 Rac8 20. Bb3 Rc4 21. f5 Bxf5 22. Qxf5 d3+ 23. Kh1 dxe2 24. Bxc4 Ne4 25. Bf4 Nf2+ 26. Kh2 Qb4 27. Bxe2 g6 28. Qf6 Bd4 29. Qh4 Be5 30. g3 g5 31. Qxh6 gxf4 32. gxf4 Qxf4+ 33. Qxf4 Bxf4+ 34. Kg2 Ne4 35. Rad1 Rb8 36. b3 Nc3 37. Rd3 Be5 38. Bf3 f6 39. Rxe5 Kg7 40. Rxc3 fxe5 41. Bxd5 Kf6 42. Rc6+ Kf5 43. Rxa6 Rd8 44. Bf3 Rd2+ 45. Kg3 e4 46. Bg4+ Ke5 47. Re6+ Kd4 48. a4 Ke3 49. Bf5 Rd4 50. Rxe4+ Rxe4 51. Bxe4 Kxe4 52. h4 1-0


[Site "https://www.chess.com"]

[Event "Titled Tuesday Blitz February 21 Early 2023"]
[White "Baches Garcia, Guillermo"]
[Black "Novikova, Galina"]
[WhiteFideId "2209764"]
[BlackFideId "4157095"]
[WhiteElo "2327"]
[BlackElo "2073"]
[Result "1-0"]
[Round "04"]
[TimeControl "180+2"]
[Date "2023.02.21"]
[WhiteClock "0:02:04"]
[BlackClock "0:02:37"]

1. d4 e6 2. c4 f5 3. g3 Nf6 4. Bg2 Be7 5. Nh3 O-O 6. O-O d6 7. Nd2 e5 8. dxe5 dxe5 9. Nf3 Nc6 10. e3 h6 11. Nh4 Qe8 12. f4 e4 13. b3 Be6 14. Bb2 1-0


[Site "https://www.chess.com"]

[Event "Titled Tuesday Blitz February 21 Early 2023"]
[White "Sai Han Thiha"]
[Black "Petrova, Irina"]
[WhiteFideId "13012290"]
[BlackFideId "14124122"]
[WhiteElo "2070"]
[BlackElo "2108"]
[Result "1/2-1/2"]
[Round "04"]
[TimeControl "180+2"]
[Date "2023.02.21"]
[WhiteClock "0:00:06"]
[BlackClock "0:00:24"]

1. d4 d6 2. e4 g6 3. c4 Bg7 4. Nc3 Nc6 5. Be3 e5 6. d5 Nd4 7. Nge2 Nxe2 8. Bxe2 f5 9. exf5 gxf5 10. Bh5+ Kf8 11. f4 e4 12. Nb5 Nf6 13. Be2 Ng4 14. Bd4 a6 15. Bxg7+ Kxg7 16. Qd4+ Kf7 17. Nxc7 Rb8 18. Bxg4 fxg4 19. O-O Bf5 20. Ne6 Qf6 21. Qb6 Bxe6 22. dxe6+ Qxe6 23. Rae1 Rhe8 24. f5 Qe5 25. f6 Qc5+ 26. Qxc5 dxc5 27. Rf4 h5 28. Rf5 Rbd8 29. Rxh5 Kxf6 30. Rxc5 e3 31. Rc7 b5 32. cxb5 axb5 33. Rb7 Rd5 34. Rb6+ Kg5 35. b3 Ree5 36. a4 bxa4 37. bxa4 Rd2 38. Rb5 Rxb5 39. axb5 Rb2 40. Rxe3 Rxb5 41. Kf2 Rb2+ 42. Kg3 Rb5 43. Rc3 Ra5 44. Rb3 Rc5 45. Ra3 Rb5 46. Rc3 Rd5 47. Rc4 Rd3+ 48. Kf2 Rd2+ 49. Kf1 Ra2 50. Kg1 Ra1+ 51. Kf2 Ra2+ 52. Kf1 Ra1+ 53. Kf2 Ra2+ 54. Kg3 Ra3+ 55. Kf2 Ra2+ 1/2-1/2


[Site "https://www.chess.com"]

[Event "Titled Tuesday Blitz February 21 Early 2023"]
[White "Mendez Fortes, Eduardo Jesus"]
[Black "Fajdetic, Hrvoje"]
[WhiteFideId "3502376"]
[BlackFideId "14501945"]
[WhiteElo "2250"]
[BlackElo "2151"]
[Result "1-0"]
[Round "04"]
[TimeControl "180+2"]
[Date "2023.02.21"]
[WhiteClock "0:00:50"]
[BlackClock "0:00:18"]

1. e4 c5 2. Nf3 a6 3. c4 Nc6 4. d4 cxd4 5. Nxd4 g6 6. Nc3 Bg7 7. Be3 d6 8. Be2 Nf6 9. Qd2 Ng4 10. Bxg4 Bxg4 11. f3 Bd7 12. O-O O-O 13. Nc2 Rc8 14. Nd5 Ne5 15. b3 e6 16. Bb6 Qh4 17. g3 Qh5 18. Ne7+ Kh8 19. Nxc8 Nxf3+ 20. Rxf3 Qxf3 21. Rf1 Qxe4 22. Nxd6 Qc6 23. Bd4 e5 24. Bc3 Kg8 25. Ne3 Qc5 26. b4 Qc7 27. Nd5 Qb8 28. Nf6+ Kh8 29. Nxd7 Qa7+ 30. c5 Rd8 31. Nxf7+ 1-0


[Site "https://www.chess.com"]

[Event "Titled Tuesday Blitz February 21 Early 2023"]
[White "Lorenzo De La Riva, Lazaro"]
[Black "Ilinca Ilinca, Felix Antonio"]
[WhiteFideId "2268809"]
[BlackFideId "54764998"]
[WhiteElo "2404"]
[BlackElo "2266"]
[Result "1-0"]
[Round "04"]
[TimeControl "180+2"]
[Date "2023.02.21"]
[WhiteClock "0:00:25"]
[BlackClock "0:01:05"]

1. Nc3 d5 2. d4 e6 3. e4 Nf6 4. e5 Nfd7 5. Nce2 c5 6. c3 Nc6 7. Nf3 cxd4 8. cxd4 f6 9. Nf4 Bb4+ 10. Bd2 Qe7 11. exf6 Nxf6 12. Bb5 Ne4 13. O-O Nxd2 14. Nxd2 O-O 15. Ne2 Bd7 16. Nf3 Bd6 17. Ng3 Qf6 18. Bxc6 bxc6 19. Re1 c5 20. dxc5 Bxc5 21. Qd2 Rab8 22. b3 Bb4 23. Qe3 Bxe1 24. Rxe1 a5 25. Ne5 Be8 26. f3 Qd8 27. Kh1 a4 28. Nd3 axb3 29. axb3 Rxb3 30. Qxe6+ 1-0


[Site "https://www.chess.com"]

[Event "Titled Tuesday Blitz February 21 Early 2023"]
[White "Khamdamova, Afruza"]
[Black "mohsengabr2002"]
[WhiteFideId "14210444"]
[WhiteElo "2162"]
[BlackElo "2324"]
[Result "1-0"]
[Round "04"]
[TimeControl "180+2"]
[Date "2023.02.21"]
[WhiteClock "0:00:44"]
[BlackClock "0:00:14"]

1. e4 d5 2. exd5 Nf6 3. Nf3 Nxd5 4. d4 Bf5 5. Bd3 Bxd3 6. Qxd3 e6 7. O-O c6 8. c4 Nf6 9. Bf4 Bd6 10. Bxd6 Qxd6 11. Qb3 b6 12. Nc3 Nbd7 13. Rad1 O-O 14. Rfe1 Rfe8 15. Ne5 Rac8 16. Qa4 Qc7 17. b4 Nxe5 18. dxe5 Nd7 19. Ne4 Nxe5 20. Nd6 Nxc4 21. Nxe8 Rxe8 22. Qb3 b5 23. a4 a6 24. axb5 axb5 25. Ra1 Qf4 26. Qg3 Qxg3 27. hxg3 g6 28. Ra6 Rc8 29. Rd1 Kf8 30. Rd7 Ne5 31. Rda7 g5 32. Kf1 Nd3 33. Rb7 Nxb4 34. Raa7 c5 35. Rxf7+ Kg8 36. Rg7+ Kf8 37. Rxh7 Kg8 38. Rhg7+ Kf8 39. Rxg5 c4 40. Rxb5 c3 41. Rxb4 c2 42. Ra1 c1=Q+ 43. Rxc1 Rxc1+ 44. Ke2 Kf7 45. Kf3 Rc3+ 46. Kg4 Kf6 47. f4 Rc2 48. Kh3 Rc3 49. Rb5 Rd3 50. Rb6 Rc3 51. Kg4 Rc2 52. Ra6 Rb2 53. Kf3 Rb3+ 54. Kg4 Rb2 55. Kh3 Rb3 56. Ra2 Rc3 57. Kg4 Rc8 58. Re2 Rg8+ 59. Kf3 Rb8 60. g4 Rb3+ 61. Re3 Rb2 62. g5+ Ke7 63. g4 Kf7 64. Rc3 Rb1 65. Ke4 Ke7 66. Rc7+ Kd6 67. Rc4 Rb4 68. Rxb4 1-0


[Site "https://www.chess.com"]

[Event "Titled Tuesday Blitz February 21 Early 2023"]
[White "Alhadad, Mahmoud"]
[Black "Womacka, Mathias"]
[WhiteFideId "11501863"]
[BlackFideId "4611390"]
[WhiteElo "1840"]
[BlackElo "2396"]
[Result "0-1"]
[Round "04"]
[TimeControl "180+2"]
[Date "2023.02.21"]
[WhiteClock "0:00:02"]
[BlackClock "0:00:28"]

1. e4 c5 2. Nc3 Nc6 3. Bb5 Nd4 4. Nf3 Nxb5 5. Nxb5 d6 6. d4 Nf6 7. Qd3 a6 8. Nc3 cxd4 9. Nxd4 g6 10. Bg5 Bg7 11. O-O O-O 12. Rad1 b5 13. Rfe1 Bb7 14. Nb3 Rc8 15. Nd5 Nxd5 16. exd5 Re8 17. Re2 Bxb2 18. Rde1 Bc3 19. Rd1 Bg7 20. Rde1 Bc3 21. Rd1 Qd7 22. Nd2 Bg7 23. Rde1 Rc3 24. Qe4 e6 25. Qh4 Bxd5 26. Bf6 Rxc2 27. Bxg7 Kxg7 28. Ne4 Rxe2 29. Qf6+ Kg8 30. Rxe2 Bxe4 31. Rxe4 d5 32. Rh4 Qe7 33. Qf4 e5 34. Qg3 e4 35. Qh3 f5 36. g4 f4 37. Qc3 Qxh4 38. h3 Qe7 39. Qc6 Qe6 40. Qc7 e3 41. Qxf4 e2 42. Kg2 e1=Q 0-1


[Site "https://www.chess.com"]

[Event "Titled Tuesday Blitz February 21 Early 2023"]
[White "Deev, Andrei"]
[Black "Yeritsyan, Hayk"]
[WhiteFideId "4102690"]
[BlackFideId "13307320"]
[WhiteElo "2390"]
[BlackElo "2241"]
[Result "1-0"]
[Round "04"]
[TimeControl "180+2"]
[Date "2023.02.21"]
[WhiteClock "0:00:37"]
[BlackClock "0:00:09"]

1. e4 c6 2. c4 d5 3. cxd5 cxd5 4. exd5 Qxd5 5. Nc3 Qd8 6. Bc4 Nf6 7. Nf3 e6 8. O-O Be7 9. d4 O-O 10. Re1 Nc6 11. Bg5 Nb4 12. Ne5 Nbd5 13. Qf3 a6 14. Rad1 Nxc3 15. bxc3 Rb8 16. Bd3 Nd5 17. Qh3 g6 18. Bh6 Re8 19. Be4 Bf6 20. Qf3 Qc7 21. Bxd5 Bxe5 22. Rxe5 Bd7 23. Qf6 1-0


[Site "https://www.chess.com"]

[Event "Titled Tuesday Blitz February 21 Early 2023"]
[White "Golubev, Mikhail"]
[Black "Gharamian, Tigran"]
[WhiteFideId "14100983"]
[BlackFideId "13301527"]
[WhiteElo "2461"]
[BlackElo "2601"]
[Result "1-0"]
[Round "04"]
[TimeControl "180+2"]
[Date "2023.02.21"]
[WhiteClock "0:00:15"]
[BlackClock "0:00:31"]

1. e4 c6 2. d4 d5 3. Nc3 dxe4 4. Nxe4 Nf6 5. Nxf6+ exf6 6. c3 Bd6 7. Bd3 O-O 8. Ne2 Re8 9. O-O Nd7 10. Bf4 Nf8 11. Qd2 Ng6 12. Bxd6 Qxd6 13. Ng3 Be6 14. f4 f5 15. Bxf5 Bxf5 16. Nxf5 Qd5 17. Ng3 Nh4 18. f5 c5 19. Rf4 g5 20. fxg6 Nxg6 21. Rf5 Qd6 22. Rxc5 Re6 23. Rf1 Rae8 24. Nf5 Qa6 25. Nh6+ Kg7 26. Rc7 R8e7 27. Nf5+ Kf8 28. Rc8+ Re8 29. Qh6+ 1-0


[Site "https://www.chess.com"]

[Event "Titled Tuesday Blitz February 21 Early 2023"]
[White "Antonio, Jorge Carlos"]
[Black "Bambino Filho, Antonio Carlos"]
[WhiteFideId "113190"]
[BlackFideId "2113163"]
[WhiteElo "2277"]
[BlackElo "2144"]
[Result "1-0"]
[Round "04"]
[TimeControl "180+2"]
[Date "2023.02.21"]
[WhiteClock "0:01:25"]
[BlackClock "0:01:39"]

1. d4 Nf6 2. Nf3 c5 3. c3 b6 4. Bf4 Bb7 5. e3 d6 6. Nbd2 g6 7. Be2 Bg7 8. h4 h6 9. h5 g5 10. Bg3 Nbd7 11. Qc2 Rc8 12. O-O-O cxd4 13. Nxd4 Nc5 14. f3 e6 15. Bb5+ Kf8 16. Nc4 d5 17. Nd6 Rc7 18. Nxb7 Rxb7 19. b4 Ncd7 20. Bd6+ Kg8 21. Nc6 Qa8 22. Ne7+ Kf8 23. Nxd5+ Ke8 24. Nxf6+ 1-0


[Site "https://www.chess.com"]

[Event "Titled Tuesday Blitz February 21 Early 2023"]
[White "Buchenau, Frank"]
[Black "Meera, Sai"]
[WhiteFideId "4604350"]
[BlackFideId "5004357"]
[WhiteElo "2222"]
[BlackElo "2064"]
[Result "1-0"]
[Round "04"]
[TimeControl "180+2"]
[Date "2023.02.21"]
[WhiteClock "0:00:58"]
[BlackClock "0:00:02"]

1. e4 e5 2. Bc4 Nf6 3. d3 Nc6 4. Nf3 Bc5 5. O-O O-O 6. c3 d5 7. exd5 Nxd5 8. Re1 Bg4 9. h3 Bh5 10. b4 Be7 11. b5 Na5 12. Rxe5 Nxc4 13. Rxh5 Nf6 14. Rh4 Nd6 15. a4 Nd5 16. Rd4 Nf5 17. Re4 Bf6 18. d4 Nd6 19. Re1 Nc4 20. Qd3 Nd6 21. Nbd2 a6 22. Bb2 axb5 23. axb5 c6 24. Rxa8 Qxa8 25. Ra1 Qd8 26. bxc6 bxc6 27. c4 Nb4 28. Qb3 Qb8 29. Ba3 c5 30. Rb1 Na6 31. Qxb8 Nxb8 32. Bxc5 Be7 33. Ne5 Na6 34. Ba3 Rc8 35. Rb6 Ne4 36. Nxe4 Bxa3 37. Rxa6 Bf8 38. c5 f6 39. Nd7 Re8 40. Nd6 Re1+ 41. Kh2 Re8 42. Nxf8 Kxf8 43. c6 Rd8 44. c7 1-0


[Site "https://www.chess.com"]

[Event "Titled Tuesday Blitz February 21 Early 2023"]
[White "Guimaraes, Wagner Peixoto"]
[Black "Erzhanov, Arman"]
[WhiteFideId "2100940"]
[BlackFideId "4138821"]
[WhiteElo "2194"]
[BlackElo "2228"]
[Result "0-1"]
[Round "04"]
[TimeControl "180+2"]
[Date "2023.02.21"]
[WhiteClock "0:00:14"]
[BlackClock "0:01:14"]

1. e4 d6 2. d4 Nf6 3. Nc3 c6 4. f4 d5 5. e5 Ng8 6. Nf3 h5 7. Bd3 Nh6 8. O-O g6 9. Ng5 Bf5 10. Bxf5 Nxf5 11. e6 fxe6 12. Nxe6 Qd6 13. Qe1 Nd7 14. Bd2 Bh6 15. g3 Ng7 16. f5 Nxe6 17. fxe6 Nf6 18. Bxh6 Rxh6 19. Qe3 Rh7 20. Qg5 Rg7 21. Rae1 O-O-O 22. Rxf6 exf6 23. Qxf6 Qe7 24. Qe5 h4 25. Ne2 hxg3 26. hxg3 g5 27. Nc3 Re8 28. Kg2 Rg6 29. Qf5 Rf6 30. Qg4 Kb8 31. Re5 Rxe6 32. Rxg5 Qh7 33. Qd1 Re1 0-1


[Site "https://www.chess.com"]

[Event "Titled Tuesday Blitz February 21 Early 2023"]
[White "Dong, Khanh Linh"]
[Black "Zhukova, Natalia"]
[WhiteFideId "12403040"]
[BlackFideId "14101513"]
[WhiteElo "1900"]
[BlackElo "2324"]
[Result "0-1"]
[Round "04"]
[TimeControl "180+2"]
[Date "2023.02.21"]
[WhiteClock "0:00:07"]
[BlackClock "0:00:20"]

1. e4 e6 2. d4 d5 3. e5 c5 4. c3 Nc6 5. Nf3 Bd7 6. Be2 f6 7. O-O Qb6 8. a3 a5 9. dxc5 Bxc5 10. c4 d4 11. exf6 Nxf6 12. Bd3 O-O 13. Qc2 e5 14. Ng5 h6 15. Nh7 Nxh7 16. Bxh7+ Kh8 17. Nd2 Ne7 18. Ne4 Nf5 19. Nxc5 Qxc5 20. Bg6 Ra6 21. Bh5 Raf6 22. b4 Qc7 23. Bf3 Nh4 24. Be4 Bc6 25. c5 Qf7 26. Bxc6 bxc6 27. f3 Rg6 28. g3 Nxf3+ 29. Kh1 Qd5 30. Qg2 Rgf6 31. Bb2 Nd2 32. Rxf6 Qxg2+ 33. Kxg2 gxf6 34. Rd1 Nc4 35. Bc1 axb4 36. axb4 Ra8 37. Bxh6 Ra2+ 38. Kh3 Rb2 39. Rf1 d3 40. Rxf6 d2 41. Rf7 d1=Q 0-1


[Site "https://www.chess.com"]

[Event "Titled Tuesday Blitz February 21 Early 2023"]
[White "Orujov, Elshad"]
[Black "Sanchez, Robert"]
[WhiteFideId "13403540"]
[BlackFideId "2034360"]
[WhiteElo "2304"]
[BlackElo "1966"]
[Result "0-1"]
[Round "04"]
[TimeControl "180+2"]
[Date "2023.02.21"]
[WhiteClock "0:00:05"]
[BlackClock "0:00:19"]

1. e4 c5 2. Nf3 e6 3. d4 cxd4 4. Nxd4 a6 5. Bd3 Qc7 6. O-O Nc6 7. Nxc6 bxc6 8. c4 Nf6 9. Qe2 e5 10. f4 Bc5+ 11. Kh1 h5 12. fxe5 Ng4 13. Nc3 Qa7 14. h3 Nxe5 15. Bf4 d6 16. Bc2 Be6 17. Bxe5 dxe5 18. Ba4 Rc8 19. Rad1 Bg4 20. Qd2 Bxd1 21. Rxd1 O-O 22. Qg5 Bd4 23. Qxh5 Bxc3 24. bxc3 Qc5 25. Bb3 Rcd8 26. Rf1 Rd6 27. Kh2 a5 28. Rf5 Re6 29. Rg5 Rd8 30. Qg4 g6 31. h4 Qe3 32. h5 Kg7 33. c5 Rf6 34. Bxf7 Kxf7 35. Rxg6 Qf4+ 36. Qxf4 exf4 37. Rg4 Rg8 38. Rh4 Ke6 39. h6 Ke5 40. Kh3 Rh8 41. h7 Rf7 42. Kg4 Rg7+ 43. Kf3 Rhxh7 44. Rxf4 Rf7 45. Rxf7 Rxf7+ 46. Ke3 Rg7 47. Kd3 Rxg2 48. Kc4 Kxe4 49. Kb3 Kd5 50. Ka4 Rxa2+ 51. Kb3 Rh2 0-1


[Site "https://www.chess.com"]

[Event "Titled Tuesday Blitz February 21 Early 2023"]
[White "MunichMouse"]
[Black "Degenbaev, Aziz"]
[BlackFideId "13802640"]
[WhiteElo "2296"]
[BlackElo "2203"]
[Result "0-1"]
[Round "04"]
[TimeControl "180+2"]
[Date "2023.02.21"]
[WhiteClock "0:00:02"]
[BlackClock "0:00:03"]

1. d4 Nf6 2. c4 g6 3. g3 Bg7 4. Bg2 O-O 5. e4 c5 6. d5 d6 7. Ne2 b5 8. cxb5 a6 9. bxa6 Bxa6 10. Nbc3 Nbd7 11. O-O Qb6 12. Re1 Rfb8 13. f4 Ng4 14. Rf1 c4+ 15. Kh1 Nf2+ 16. Rxf2 Qxf2 17. Rb1 Nc5 18. Qg1 Qxg1+ 19. Kxg1 Nd3 20. Be3 Rxb2 21. Rxb2 Nxb2 22. Bd4 Bc8 23. Kf2 Na4 24. Ke3 Bg4 25. Nxa4 Bxe2 26. Nc3 Bd3 27. Bxg7 Kxg7 28. Kd4 Rb8 29. a4 Ra8 30. Bh3 f5 31. e5 Kf7 0-1


[Site "https://www.chess.com"]

[Event "Titled Tuesday Blitz February 21 Early 2023"]
[White "Mazurkiewicz, Michal"]
[Black "Touzane, Olivier"]
[WhiteFideId "1124943"]
[BlackFideId "602906"]
[WhiteElo "2145"]
[BlackElo "2256"]
[Result "1-0"]
[Round "04"]
[TimeControl "180+2"]
[Date "2023.02.21"]
[WhiteClock "0:01:20"]
[BlackClock "0:01:50"]

1. e4 e6 2. d3 c5 3. g3 h5 4. Nf3 Nc6 5. Bg2 Be7 6. h4 Nf6 7. O-O Ng4 8. Re1 e5 9. Nc3 d6 10. Nd2 g5 11. hxg5 Bxg5 12. Nc4 Bxc1 13. Rxc1 Be6 14. Nd5 Bxd5 15. exd5 Ne7 16. f4 f6 17. Bf3 Qd7 18. a4 O-O-O 19. Kg2 Rdg8 20. fxe5 fxe5 21. b4 Rg5 22. bxc5 Rhg8 23. Nxd6+ Kb8 24. Rb1 b6 25. Ne4 R5g7 26. cxb6 Nxd5 27. bxa7+ Kxa7 28. Qd2 Nh2 29. Qa5# 1-0


[Site "https://www.chess.com"]

[Event "Titled Tuesday Blitz February 21 Early 2023"]
[White "Bogaudinov, Rushan"]
[Black "Guliev, Logman"]
[WhiteFideId "4129288"]
[BlackFideId "13400061"]
[WhiteElo "1939"]
[BlackElo "2250"]
[Result "1-0"]
[Round "04"]
[TimeControl "180+2"]
[Date "2023.02.21"]
[WhiteClock "0:00:08"]
[BlackClock "0:00:03"]

1. e4 e5 2. Nc3 Nf6 3. g3 Bc5 4. Bg2 O-O 5. Nf3 c6 6. O-O Re8 7. d3 h6 8. Be3 Bb4 9. a3 Bxc3 10. bxc3 d5 11. exd5 cxd5 12. Re1 Nc6 13. Qb1 Qc7 14. a4 Bg4 15. h3 Bh5 16. g4 Bg6 17. Nh4 Bh7 18. Qb5 Rad8 19. a5 d4 20. Bd2 e4 21. Nf5 Re5 22. Qc4 Bxf5 23. gxf5 e3 24. fxe3 dxe3 25. Rxe3 Rxf5 26. a6 Nd5 27. axb7 Nxe3 28. Bxe3 Qg3 29. Qxc6 Qxe3+ 30. Kh1 Re5 31. Rf1 Ree8 32. d4 Qg3 33. Qc4 Rf8 34. Qd3 Qg5 35. c4 a5 36. c5 Qe7 37. c6 Qd6 38. c4 a4 39. c5 Qc7 40. d5 a3 41. Qxa3 Rfe8 42. d6 1-0


[Site "https://www.chess.com"]

[Event "Titled Tuesday Blitz February 21 Early 2023"]
[White "Ardila, Oscar Humberto"]
[Black "Goltseva, Ekaterina"]
[WhiteFideId "4404742"]
[BlackFideId "24173770"]
[WhiteElo "1982"]
[BlackElo "2283"]
[Result "0-1"]
[Round "04"]
[TimeControl "180+2"]
[Date "2023.02.21"]
[WhiteClock "0:00:08"]
[BlackClock "0:00:12"]

1. d4 d5 2. c4 e5 3. Nf3 e4 4. Nfd2 c6 5. e3 f5 6. Nc3 Nf6 7. Be2 Bd6 8. cxd5 cxd5 9. Qb3 Bc7 10. Nb5 Ba5 11. Qa4 Nc6 12. O-O O-O 13. Nb3 a6 14. Nxa5 Nxa5 15. Nc3 b5 16. Qd1 Qd6 17. a3 Ng4 18. g3 Be6 19. h3 Nh6 20. Bd2 Nc4 21. Bxc4 bxc4 22. Ne2 a5 23. Nf4 Nf7 24. Qh5 g5 25. Nxe6 Qxe6 26. h4 g4 27. Rab1 a4 28. Bb4 Rfe8 29. Rbe1 Kh8 30. Kg2 Rg8 31. f3 gxf3+ 32. Kf2 Rg6 33. g4 fxg4 34. Rg1 Rag8 35. Rg3 Rh6 36. Qxh6 Nxh6 37. Rh1 Nf5 38. Rhg1 Nxg3 39. Rxg3 Qf6 40. h5 Qg5 41. Bd6 h6 42. Be5+ Kh7 43. Rg1 Qxh5 44. Rg3 Qf5 45. Rg1 h5 46. Rg2 h4 47. Rg1 g3+ 48. Ke1 f2+ 49. Kf1 fxg1=Q+ 50. Kxg1 Qf2+ 51. Kh1 Qh2# 0-1


[Site "https://www.chess.com"]

[Event "Titled Tuesday Blitz February 21 Early 2023"]
[White "Heinemann, Josefine"]
[Black "Fernandez Siles, Luis"]
[WhiteFideId "12900460"]
[BlackFideId "2209420"]
[WhiteElo "2289"]
[BlackElo "2218"]
[Result "0-1"]
[Round "04"]
[TimeControl "180+2"]
[Date "2023.02.21"]
[WhiteClock "0:00:42"]
[BlackClock "0:00:21"]

1. e4 c5 2. Nf3 Nc6 3. Bb5 g6 4. O-O Bg7 5. c3 Nf6 6. Re1 O-O 7. d4 d5 8. e5 Ne4 9. Be3 Qb6 10. Qe2 c4 11. Bxc4 dxc4 12. d5 Qc7 13. dxc6 Qxc6 14. Bd4 Bf5 15. h3 h5 16. Nh4 e6 17. Nxf5 exf5 18. h4 b5 19. a4 a6 20. Nd2 Nxd2 21. Qxd2 Rad8 22. axb5 axb5 23. Qg5 Kh7 24. Ra7 Rde8 25. f3 Qd5 26. Rc7 Bxe5 27. Rc5 Bxd4+ 0-1


[Site "https://www.chess.com"]

[Event "Titled Tuesday Blitz February 21 Early 2023"]
[White "Kiselev, Pavel"]
[Black "Balabayeva, Xeniya"]
[WhiteFideId "4191102"]
[BlackFideId "13719688"]
[WhiteElo "2245"]
[BlackElo "2191"]
[Result "0-1"]
[Round "04"]
[TimeControl "180+2"]
[Date "2023.02.21"]
[WhiteClock "0:00:13"]
[BlackClock "0:00:24"]

1. Nf3 d5 2. d4 Nf6 3. c4 e6 4. Nc3 c5 5. cxd5 cxd4 6. Qxd4 exd5 7. Bg5 Be7 8. e3 O-O 9. Be2 Nc6 10. Qd3 h6 11. Bh4 Qb6 12. Qb5 Qxb5 13. Bxb5 Be6 14. O-O Rac8 15. Rad1 Rfd8 16. h3 g5 17. Bg3 Ne4 18. Nxe4 dxe4 19. Nd2 f5 20. Bc4 Kf7 21. Bxe6+ Kxe6 22. Nb3 Nb4 23. Nd4+ Kf6 24. a3 Nd3 25. b4 Kg6 26. Ne2 Bf6 27. Rb1 Rc2 28. Nd4 Bxd4 29. exd4 f4 30. Bh2 Rxd4 31. Rb3 Rdc4 32. f3 Nc1 33. Rb1 e3 34. Re1 Nd3 35. Red1 e2 36. Rxd3 Rc1+ 37. Kf2 e1=Q# 0-1


[Site "https://www.chess.com"]

[Event "Titled Tuesday Blitz February 21 Early 2023"]
[White "Poeta, Caio Medeiros"]
[Black "Thiel, Thomas"]
[WhiteFideId "2142660"]
[BlackFideId "4615964"]
[WhiteElo "2088"]
[BlackElo "2234"]
[Result "1-0"]
[Round "04"]
[TimeControl "180+2"]
[Date "2023.02.21"]
[WhiteClock "0:02:30"]
[BlackClock "0:01:43"]

1. d4 Nf6 2. c4 g6 3. Nc3 d5 4. cxd5 Nxd5 5. e4 Nxc3 6. bxc3 Bg7 7. Be3 c5 8. Rc1 Qa5 9. Qd2 cxd4 10. cxd4 Qxd2+ 11. Kxd2 O-O 12. Bb5 Rd8 13. Nf3 Bg4 14. Rc7 Bxf3 15. gxf3 Bxd4 16. Bxd4 Rxd4+ 17. Ke3 Rb4 18. Rc8+ Kg7 19. Be2 a5 20. Rd1 a4 21. Rdd8 a3 22. Rxb8 Rxb8 23. Rxb8 Rb2 24. Bc4 Rc2 25. Bb3 Rc3+ 26. Kf4 Rc7 27. Ra8 1-0


[Site "https://www.chess.com"]

[Event "Titled Tuesday Blitz February 21 Early 2023"]
[White "Andreev, Konstantin"]
[Black "Zaksaite, Salomeja"]
[WhiteFideId "24239305"]
[BlackFideId "12801496"]
[WhiteElo "2195"]
[BlackElo "2283"]
[Result "1-0"]
[Round "04"]
[TimeControl "180+2"]
[Date "2023.02.21"]
[WhiteClock "0:01:22"]
[BlackClock "0:00:06"]

1. e4 c5 2. Nf3 Nc6 3. Nc3 e5 4. Bc4 g6 5. a3 Bg7 6. d3 Nge7 7. Bg5 h6 8. Be3 d6 9. Qd2 g5 10. h3 Ng6 11. Nd5 Nf4 12. Rg1 O-O 13. O-O-O a6 14. h4 b5 15. Ba2 Be6 16. hxg5 hxg5 17. g3 Nxd5 18. exd5 Bg4 19. Bxg5 Ne7 20. Qe3 f6 21. Bh4 Nf5 22. Qe4 Bxf3 23. Qxf3 Nd4 24. Qe4 f5 25. Qe3 Qe8 26. c3 Qg6 27. cxd4 Bh6 28. f4 cxd4 29. Qd2 Rac8+ 30. Kb1 Qf7 31. Qh2 Bg7 32. Rh1 1-0


[Site "https://www.chess.com"]

[Event "Titled Tuesday Blitz February 21 Early 2023"]
[White "Decoster, Frederic"]
[Black "Real_taiatai"]
[WhiteFideId "204269"]
[WhiteElo "2301"]
[BlackElo "2442"]
[Result "0-1"]
[Round "04"]
[TimeControl "180+2"]
[Date "2023.02.21"]
[WhiteClock "0:00:09"]
[BlackClock "0:00:09"]

1. e4 c5 2. Nf3 Nc6 3. d4 cxd4 4. Nxd4 e5 5. Nb5 d6 6. N1c3 a6 7. Na3 Be7 8. Be3 Nf6 9. Nc4 Be6 10. Nb6 Rb8 11. Be2 Nd4 12. Bxd4 exd4 13. Qxd4 O-O 14. O-O Qc7 15. a4 Rbd8 16. Rfd1 d5 17. Nbxd5 Nxd5 18. Nxd5 Bxd5 19. exd5 Qxc2 20. Bf3 Bf6 21. Rd2 Qb3 22. Ra3 Qxa3 23. bxa3 Bxd4 24. Rxd4 Rc8 25. h3 Rfd8 26. Rb4 Rc7 27. a5 g6 28. Rb6 Rc5 29. d6 Rxa5 30. Bxb7 Rb5 31. Rxb5 axb5 32. Bc6 Rxd6 33. Bxb5 Rd2 34. a4 Ra2 35. h4 Kg7 36. g3 Kf6 37. Kg2 Ke5 38. Be8 f6 39. Bc6 h6 40. Kf3 g5 41. hxg5 fxg5 42. Kg2 h5 43. Be8 h4 44. gxh4 gxh4 45. Kh3 Kf4 46. Kxh4 Rxf2 47. Kh5 Kf5 48. Kh4 Re2 49. Bb5 Re5 50. Kg3 Ke4 51. Bc6+ Ke3 52. Bb5 Rg5+ 53. Kh4 Kf4 54. Kh3 Rg3+ 55. Kh2 Kf3 56. Bc6+ Kf2 57. Bb5 Rc3 58. Bd7 Rc7 59. Bf5 Rf7 60. Bg6 Rf6 0-1


[Site "https://www.chess.com"]

[Event "Titled Tuesday Blitz February 21 Early 2023"]
[White "Burke, John F"]
[Black "Kejna, Piotr"]
[WhiteFideId "2052970"]
[BlackFideId "21821704"]
[WhiteElo "2013"]
[BlackElo "2027"]
[Result "0-1"]
[Round "04"]
[TimeControl "180+2"]
[Date "2023.02.21"]
[WhiteClock "0:01:14"]
[BlackClock "0:00:09"]

1. d4 Nf6 2. c4 e5 3. d5 Bc5 4. e3 O-O 5. Nc3 a5 6. Bd3 d6 7. Nge2 Nbd7 8. h3 Qe7 9. O-O e4 10. Bc2 Ne5 11. b3 Bf5 12. Ng3 Bg6 13. Kh2 Nfd7 14. Ncxe4 f5 15. Nxc5 Nxc5 16. f4 Ng4+ 17. hxg4 Qh4+ 18. Kg1 Qxg3 19. gxf5 Bxf5 20. Bxf5 Rxf5 21. Qf3 Qh4 22. e4 Rh5 23. Bb2 Rf8 24. f5 Nxe4 25. Qh3 Qg5 26. Qf3 Nd2 27. Qc3 Nxf1 28. Rxf1 Rh4 29. Rf3 Rg4 30. g3 Rxf5 31. Kg2 Rxf3 32. Qxf3 Qd2+ 33. Qf2 Qxf2+ 34. Kxf2 a4 35. Kf3 Rg6 36. g4 axb3 37. axb3 Rh6 38. Kf4 Rh2 39. Bd4 Rh3 40. b4 Rb3 41. b5 Rb4 42. Kf5 Rxc4 43. Be3 Rb4 44. Ke6 Rxg4 45. Kd7 Rb4 46. Kxc7 Rxb5 47. Kxd6 Kf7 48. Bc5 h5 49. Bf2 Rb3 50. Kc5 Rf3 51. Bd4 Ke8 52. Kb6 Kd7 53. Kxb7 h4 54. Bxg7 h3 55. Be5 Rf5 56. Bh2 Rxd5 57. Bg3 Rd3 58. Bh2 Rd2 59. Bf4 Rb2+ 60. Ka6 h2 61. Bxh2 Rxh2 62. Kb5 Kd6 63. Kc4 Kc6 64. Kd3 Rh4 65. Ke3 Kd5 66. Kd3 Rh3+ 67. Ke2 Ke4 68. Kf2 Rf3+ 0-1


[Site "https://www.chess.com"]